 Dungeon Crawl Stone Soup version 0.17.1-3-g152610e (webtiles) character file.

866 ololoev the Skirmisher (level 7, -3/56 HPs)
             Began as a Mummy Chaos Knight on Apr 28, 2016.
             Slain by an ogre (6 damage)
             ... led by Pikel
             ... on level 5 of the Dungeon.
             The game lasted 00:08:54 (5082 turns).

ololoev the Skirmisher (Mummy Chaos Knight)         Turns: 5082, Time: 00:08:54

Health: -3/56      AC:  6    Str: 17    XL:     7   Next: 72%
Magic:  7/7        EV: 11    Int:  6    God:    Xom [..*...]
Gold:   259        SH:  0    Dex: 12    Spells: 0 memorised, 6 levels left

rFire  x . .     SeeInvis .     a - +0 falchion (chaos)
rCold  + . .     Clarity  .     b - +2 leather armour
rNeg   + + +     SustAt   .     (no shield)
rPois  ∞         Gourm    .     (no helmet)
rElec  .         Spirit   .     m - +0 cloak
rCorr  +         Warding  .     (no gloves)
rMut   .         Stasis   .     (no boots)
MR     .....                    l - amulet of resist corrosion
Stlth  +.........               (no ring)
                                o - -5 ring of intelligence (curse)

@: not resistant to hostile enchantments, very unstealthy
A: no food or potions, fire vulnerability, cold resistance 1, negative energy
resistance 3, torment resistance, unbreathing
a: Renounce Religion


Innate Abilities, Weirdness & Mutations

You do not eat or drink.
Your flesh is vulnerable to fire.
You are immune to poison.
Your flesh is cold resistant.
You are immune to negative energy.
You are immune to unholy pain and torment.
You can survive without breathing.

Inventory:

Hand Weapons
 a - a +0 falchion of chaos (weapon)
Armour
 b - a +2 leather armour (worn)
 m - a +0 cloak (worn)
Jewellery
 l - an amulet of resist corrosion (around neck)
 o - a cursed -5 ring of intelligence (left hand)
Scrolls
 c - 5 scrolls of identify {unknown}
 d - 5 scrolls of remove curse {unknown}
 e - a scroll of teleportation {unknown}
 f - a scroll of enchant weapon {unknown}
 g - a scroll of recharging {unknown}
 h - 2 scrolls of fog {unknown}
 j - 3 scrolls of magic mapping {unknown}
 k - 2 scrolls of enchant armour {unknown}
 n - 2 scrolls of fear {unknown}


   Skills:
 + Level 5.6 Fighting
 * Level 5.6 Long Blades
 + Level 3.6 Armour
 - Level 0.7 Dodging


You had 6 spell levels left.
You didn't know any spells.


You were on level 5 of the Dungeon.
You worshipped Xom.
You were a toy of Xom.
You were not hungry.

You visited 1 branch of the dungeon, and saw 5 of its levels.

You collected 259 gold pieces.

###.#########..#....
#.# #....... #.#
#..#.... #.#
#..#.... #.#
#..#.... #.#
#..##### #.#
#....... #O#
#....... #@#
######## #.# #.# #.#
#.# #.# #.# #.# #.#

Notes
Turn   | Place    | Note
--------------------------------------------------------------
     0 | D:1      | ololoev the Mummy Chaos Knight began the quest for the Orb.
     0 | D:1      | Reached XP level 1. HP: 18/18 MP: 1/1
   136 | D:1      | Reached XP level 2. HP: 22/24 MP: 2/2
   470 | D:1      | XOM: scenery: create altars
   488 | D:1      | XOM: harmless Summ miscast
   620 | D:1      | Reached XP level 3. HP: 24/29 MP: 3/3
   886 | D:2      | XOM: colour smoke trail
  1276 | D:2      | XOM: harmless Erth miscast
  1499 | D:2      | Reached skill level 4 in Fighting
  1773 | D:2      | Reached XP level 4. HP: 27/37 MP: 4/4
  1964 | D:2      | XOM: summons 4 friendly demons
  2135 | D:2      | XOM: harmless Trmt miscast
  2167 | D:3      | Noticed a centaur
  2173 | D:3      | Killed a centaur
  2173 | D:3      | Reached XP level 5. HP: 27/43 MP: 5/5
  2326 | D:3      | XOM: summons 2 hostile shadow creatures
  2443 | D:3      | XOM: blink monster(s)
  2455 | D:3      | XOM: silly message
  2604 | D:3      | Found a sparkling altar of Nemelex Xobeh.
  2604 | D:3      | Found an ancient bone altar of Kikubaaqudgha.
  2604 | D:3      | Found a shimmering altar of Xom.
  2637 | D:4      | XOM: vitrification
  2653 | D:4      | XOM: 1-stop teleportation journey
  2695 | D:4      | Found a shadowy altar of Dithmenos.
  2733 | D:4      | Found a blossoming altar of Fedhas.
  2842 | D:4      | XOM: 1-stop teleportation journey
  2866 | D:4      | Found a snail-covered altar of Cheibriados.
  2866 | D:4      | XOM: 2-stop teleportation journey
  3016 | D:4      | Reached XP level 6. HP: 30/49 MP: 6/6
  3317 | D:4      | XOM: 6-stop teleportation journey
  3433 | D:5      | Entered Level 5 of the Dungeon
  3517 | D:5      | XOM: confuse monster(s)
  3523 | D:5      | XOM: vitrification
  3563 | D:5      | Found a basalt altar of Yredelemnul.
  3567 | D:5      | Found a sacrificial altar of Ru.
  3567 | D:5      | Noticed Menkaure
  3574 | D:5      | Killed Menkaure
  3574 | D:5      | Reached skill level 5 in Fighting
  3592 | D:5      | XOM: harmless Summ miscast
  3615 | D:5      | XOM: blink monster(s)
  3624 | D:5      | Reached XP level 7. HP: 37/56 MP: 7/7
  3624 | D:5      | XOM: medium Air miscast
  3650 | D:5      | XOM: confuse monster(s)
  3652 | D:5      | Reached skill level 5 in Long Blades
  3693 | D:5      | XOM: harmless Necr miscast
  4093 | D:5      | XOM: silly message
  4098 | D:5      | Found a staircase to the Ecumenical Temple.
  4172 | D:5      | XOM: harmless Summ miscast
  4276 | D:5      | XOM: medium Air miscast
  4474 | D:5      | Noticed Pikel
  4478 | D:5      | XOM: enchant monster (good)
  4496 | D:5      | XOM: 2-stop teleportation journey
  4573 | D:5      | XOM: colour smoke trail
  5049 | D:5      | XOM: enchant monster (good)
  5061 | D:5      | XOM: polymorph slave -> ogre
  5076 | D:5      | HP: 2/56 [ogre[Pikel] (13)]
  5082 | D:5      | Slain by an ogre

Dungeon Overview and Level Annotations

Branches:
Dungeon (5/15)             Temple (0/1) D:5

Altars:
Cheibriados
Dithmenos
Fedhas
Kikubaaqudgha
Nemelex Xobeh
Ru
Xom
Yredelemnul

Annotations:
D:5 Pikel


Message History

The slave is no longer paralysed.
You slash the slave! You burn the slave.
The slave is moderately wounded.
The slave hits you!
You closely miss the slave.
The slave is moderately wounded.
The slave barely misses you.
You closely miss the slave.
The slave is moderately wounded.
The slave hits you.
You miss the slave.
The slave is moderately wounded.
The slave hits you.
You hit the slave but do no damage.
The slave is moderately wounded.
The slave hits you.
You completely miss the slave.
The slave is moderately wounded. "This might be better!"
The slave evaporates and reforms as an ogre!
You are now a toy of Xom.
You slash the ogre! You freeze the ogre.
The ogre is moderately wounded.
The ogre hits you!
You barely miss the ogre.
The ogre is moderately wounded.
The ogre hits you!
You slash the ogre! You burn the ogre.
The ogre is severely wounded.
The ogre hits you!
You hit the ogre. You freeze the ogre.
The ogre is almost dead.
The ogre hits you!
You barely miss the ogre.
The ogre is almost dead.
The ogre hits you but does no damage.
You hit the ogre but do no damage.
The ogre is almost dead.
The ogre hits you.
You die...

You could see an ogre.

Vanquished Creatures
  Menkaure (D:5)
  A slave (D:5)
  2 ogres (D:5)
  2 centaurs
  2 scorpions (D:5)
  A hound (D:4)
  2 crimson imps (D:5)
  A centaur skeleton (D:4)
  2 worker ants
  5 adders
  A shadow imp (D:5)
  An adder zombie (D:5)
  3 worms (D:2)
  3 orcs
  4 bats
  4 giant cockroaches
  7 hobgoblins
  20 jackals
  5 kobolds
  3 quokkas
  2 ball pythons (D:5)
  2 giant geckos (D:5)
  A giant gecko skeleton (D:4)
  3 giant newts
  6 goblins
  9 rats
93 creatures vanquished.

Vanquished Creatures (collateral kills)
  A worker ant (D:2)
1 creature vanquished.

Grand Total: 94 creatures vanquished

Action                   |  1- 3 |  4- 6 |  7- 9 || total
-------------------------+-------+-------+-------++-------
Melee: Falchion          |   192 |   151 |   113 ||   456
Evoke: Wand              |       |     6 |     6 ||    12
 Stab: Sleeping          |     1 |     1 |       ||     2
       Petrifying        |       |     1 |       ||     1
       Confused          |       |     2 |       ||     2
       Paralysed         |       |     1 |     2 ||     3
       Petrified         |       |       |     2 ||     2

Vault maps used:
D:1:      eino_arrival_water_star, st_stairs_5, minmay_ruptured
D:3:      gammafunk_temple_overflow_forgotten, ecumenical_altar_2,
          kennysheep_small_spiral
D:4:      lemuel_doored_altar, cheibriados_altar_1, fedhas_altar_1, first_bread
D:5:      nicolae_overflow_hidden_temple, minmay_temple_entry_glass, uniq_pikel,
          uniq_menkaure
